Cogmind - Beta 15 @@@ ROGUE MODE // 2025.08.17 @ 16:48:46 Player: SnailSD Result: Destroyed by G-34 Mercenary with Small Laser Performance ------------- Evolutions (0) 0 Regions Visited (4) 800 Robots Destroyed (30) 150 Value Destroyed (589) 589 Prototype IDs (23) 460 Alien Tech Used (0) 0 Bonus (300) 300 TOTAL SCORE: 2299 Bonus ------- Aligned with FarCom 300 Cogmind --------- Core Integrity 0/250 Matter 298/300 Energy 250/250 System Corruption 0% Temperature Cool (12) Movement Walking (260) Ox2 Location -9/Mines Parts ------- > --- POWER (1) -------- Ion Engine > --- PROPULSION (2) --- Aluminum Leg > --- UTILITY (2) ------ Large Storage Unit > --- WEAPON (2) ------- Light Assault Rifle > --- INVENTORY (15) --- Light Ion Engine Light Nuclear Core Aluminum Leg Wheel Wheel Improved Heat Sink Large Storage Unit Small Laser Light Assault Rifle Light Assault Rifle Light Cannon Grenade Launcher Peak State ------------ > --- POWER ------------ Ion Engine > --- PROPULSION ------- Light Treads Light Treads > --- UTILITY ---------- Large Storage Unit Improved Terrain Scanner > --- WEAPON ----------- Assault Rifle Light Cannon > --- INVENTORY -------- Light Ion Engine Light Ion Engine Light Ion Engine Aluminum Leg Aluminum Leg Wheel Wheel Large Storage Unit Small Laser Grenade Launcher [Rating: 10] Favorites ----------- Power Ion Engine Engine Ion Engine Propulsion Light Treads Treads Light Treads Leg Aluminum Leg Utility Large Storage Unit Device Improved Terrain Scanner Storage Large Storage Unit Weapon Light Assault Rifle Energy Gun Medium Laser Ballistic Gun Light Assault Rifle Ballistic Cannon Light Cannon Launcher Grenade Launcher Build | -11 -10 -10 -10 -9 ------- Run | Yrd Mat Min Exi Min Slots Evolved . | . . . . . Power . | . . . . . Propulsion . | . . . . . Utility . | . . . . . Weapon . | . . . . . Parts Attached 16 | 7 3 5 1 . Power 3 | 1 . 1 1 . Engine 3 | 1 . 1 1 . Core . | . . . . . Reactor . | . . . . . Propulsion 4 | 2 . 2 . . Treads 2 | 2 . . . . Leg 2 | . . 2 . . Wheel . | . . . . . Hover . | . . . . . Flight . | . . . . . Utility 3 | 2 1 . . . Device 1 | 1 . . . . Storage 2 | 1 1 . . . Processor . | . . . . . Hackware . | . . . . . Protection . | . . . . . Artifact . | . . . . . Weapon 6 | 2 2 2 . . Energy Gun 1 | 1 . . . . Energy Cannon . | . . . . . Ballistic Gun 3 | 1 . 2 . . Ballistic Cannon 1 | . 1 . . . Launcher 1 | . 1 . . . Special Weapon . | . . . . . Impact Weapon . | . . . . . Slashing Weapon . | . . . . . Piercing Weapon . | . . . . . Special Melee Weapon . | . . . . . Unidentified Prototypes . | . . . . . Parts Lost 8 | . . 6 . 2 Power 2 | . . 2 . . Propulsion 3 | . . 2 . 1 Utility 1 | . . 1 . . Weapon 2 | . . 1 . 1 Highest Loss Streak 3 | . . 3 . 2 To Critical Strikes . | . . . . . Average Backups 11 | 4 9 13 12 12 Power 3 | 1 3 3 2 2 Propulsion 3 | 2 4 3 3 3 Utility 1 | . . 1 2 2 Weapon 3 | . 1 4 5 5 Tool/Special . | . . . . . Unused Backups 11 | . . 2 . 9 Power 4 | . . 2 . 2 Propulsion 2 | . . . . 2 Utility 2 | . . . . 2 Weapon 3 | . . . . 3 Tool/Special . | . . . . . Average Slot Usage (%) 89 | . 100 91 71 83 Engine 10 | . 14 11 . 14 Treads 16 | . 28 21 . . Leg 10 | . . 2 28 27 Device 8 | . 14 12 . . Storage 14 | . 14 14 14 14 Ballistic Gun 20 | . 14 18 28 27 Ballistic Cannon 7 | . 12 9 . . Peak Build Rating 10 | 9 10 10 7 7 Average Rating 8 | 6 9 9 6 6 On Entrance 6 | . 9 10 6 7 Naked Turns . | . . . . . Heaviest Build 31 | 15 31 31 27 27 Greatest Support 40 | 40 40 40 20 20 Greatest Overweight (x) 2 | 2 1 1 1 1 Average Overweight (x) . | . . . 1 1 Largest Inventory Capacity 15 | 8 15 15 15 15 Average Capacity 13 | 7 12 15 15 15 Most Carried 15 | 7 12 15 13 12 Average Carried 11 | 4 9 13 12 12 Final Capacity 15 | 8 15 15 15 15 Final Carried 13 | 7 12 13 12 12 Class Distribution -------------------- 95% | Mutant 4% | Scavenger-Mutant Dominant Class ---------------- Mutant | -10/Materials Mutant | -10/Mines Mutant | -10/Exiles Mutant | -9/Mines Resources | -11 -10 -10 -10 -9 ----------- Run | Yrd Mat Min Exi Min Matter Collected 855 | 312 279 240 . 24 Remotely . | . . . . . Salvage Created 763 | 121 271 278 . 93 Parts 46 | 8 16 16 . 6 Haulers Intercepted 1 | . 1 . . . Recyclers Shooed 1 | . 1 . . . Parts Field Recycled . | . . . . . Retrieved Matter . | . . . . . Parts Self-Destructed . | . . . . . Prevented . | . . . . . Kills | -11 -10 -10 -10 -9 ------- Run | Yrd Mat Min Exi Min Combat Hostiles Destroyed 22 | . 8 12 . 2 Guns 9 | . 1 6 . 2 Cannons 7 | . 4 3 . . AOE 6 | . 3 3 . . Classes Destroyed 6 | 2 4 . . . Tunneler 3 | 3 . . . . Hauler 1 | . 1 . . . Recycler 2 | 1 1 . . . Operator 2 | . 2 . . . Swarmer 12 | . 6 6 . . Grunt 10 | . 2 6 . 2 Best Kill Streak 5 | 3 5 3 . 1 Combat Bots Only 5 | . 5 3 . 1 Max Kills in Single Turn 3 | 1 3 2 . 1 Gunslinging . | . . . . . Exploded 3 | . 3 2 . . Melee . | . . . . . Uniques/NPCs Destroyed . | . . . . . Combat | -11 -10 -10 -10 -9 -------- Run | Yrd Mat Min Exi Min Hostile Shots Fired 129 | . 19 75 . 35 Missed 28 | . 6 15 . 7 Hits 101 | . 13 60 . 28 Projectile 101 | . 13 60 . 28 Critical Strikes 1 | . . 1 . . Damage Taken 1203 | . 172 721 . 310 Core 253 | . 29 125 . 99 Absorbed by Shields . | . . . . . Core Remaining (%) 100 | 100 . . . . Volleys Fired 106 | 14 31 47 . 14 Largest 2 | 2 2 2 . 2 Hottest 70 | 70 50 50 . 40 Shots Fired 202 | 28 61 91 . 22 Gun 146 | 28 30 66 . 22 Cannon 52 | . 30 22 . . Launcher 4 | . 1 3 . . Special . | . . . . . Kinetic 184 | 14 60 88 . 22 Thermal 14 | 14 . . . . Explosive 4 | . 1 3 . . Electromagnetic . | . . . . . Robot Hit Streak 15 | 7 10 12 . 15 Robot Miss Streak 6 | 3 6 6 . 2 Penetration Max . | . . . . . Secondary Targets 1 | . . . . 1 Max Gunslinging Chain 1 | . . . . 1 Shots Hit Robots 126 | 15 35 59 . 17 Core Hits 50 | 5 17 22 . 6 Critical Kills . | . . . . . Critical Parts Destroyed . | . . . . . Critical Strikes . | . . . . . Melee Attacks . | . . . . . Impact . | . . . . . Slashing . | . . . . . Piercing . | . . . . . Sneak Attacks . | . . . . . Combat Hostiles . | . . . . . Follow-up Attacks . | . . . . . Damage Inflicted 1744 | 183 644 776 . 141 Guns 885 | 183 198 363 . 141 Cannons 532 | . 289 243 . . Explosions 327 | . 157 170 . . Melee . | . . . . . Ramming . | . . . . . Kinetic 1327 | 93 487 606 . 141 Thermal 90 | 90 . . . . Explosive 327 | . 157 170 . . Electromagnetic . | . . . . . Impact . | . . . . . Slashing . | . . . . . Piercing . | . . . . . Highest Corruption . | . . . . . Average Corruption . | . . . . . Corruption Purged . | . . . . . Corruption Blocked . | . . . . . Overload Shots . | . . . . . Overflow Damage 26 | . 10 16 . . Projectiles 10 | . 10 . . . Explosions 16 | . . 16 . . Melee . | . . . . . Knockbacks 8 | . 4 4 . . Impact . | . . . . . Kinetic 8 | . 4 4 . . Secondary . | . . . . . Self-Inflicted Damage 37 | . . 37 . . Shots 1 | . . 1 . . Rammed . | . . . . . Targets Rammed 1 | . . . . 1 Kicked 1 | . . . . 1 Crushed . | . . . . . Highest Temperature 91 | 36 12 91 . 12 Average Temperature 19 | 14 5 29 . 8 Received Heat Transfer 588 | . 93 327 . 168 Siege Activations . | . . . . . Martial Activations . | . . . . . Shielding Activations . | . . . . . Robots Disrupted . | . . . . . Combat Hostiles . | . . . . . Robots Corrupted . | . . . . . Combat Hostiles . | . . . . . Parts Fried . | . . . . . Impact Corruptions . | . . . . . Robots Melted . | . . . . . Combat Hostiles . | . . . . . Parts Melted . | . . . . . Heat Transferred 259 | 259 . . . . Parts Sabotaged . | . . . . . Parts Stolen . | . . . . . Parts Stripped . | . . . . . Power Chain Reactions . | . . . . . Alert | -11 -10 -10 -10 -9 ------- Run | Yrd Mat Min Exi Min Maximum Alert Level . | . . . . . Low Security (%) 100 | 100 100 100 . 100 Level 1 . | . . . . . Level 2 . | . . . . . Level 3 . | . . . . . Level 4 . | . . . . . Level 5 . | . . . . . High Security . | . . . . . Max Security . | . . . . . Peak Influence 104 | 5 104 101 . 20 Initial 31 | . . 31 . . Average 29 | 1 24 61 . . Influence Increases 620 | 20 247 313 . 40 Destroy 0b10 Robot/C 440 | . 160 240 . 40 Destroy 0b10 Robot/NC 40 | 20 20 . . . Destroy Leader 82 | . 32 50 . . Successful Hack 11 | . 11 . . . Disable Machine 15 | . 15 . . . Destroy Structure 32 | . 9 23 . . Influence Decreases 610 | 20 167 347 46 30 Entered New Map 95 | . . 49 46 . Time Decay 435 | 20 167 238 . 10 Lost Part 80 | . . 60 . 20 Squads Dispatched 1 | . 1 . . . Investigation . | . . . . . Extermination . | . . . . . Reinforcement 1 | . 1 . . . Assault . | . . . . . Garrison . | . . . . . Intercept . | . . . . . Searches Triggered . | . . . . . Construction Impeded . | . . . . . Haulers Reinforced . | . . . . . Active Scanning Responses . | . . . . . Cargo Convoy Interrupts . | . . . . . Stealth | -11 -10 -10 -10 -9 --------- Run | Yrd Mat Min Exi Min Distress Signals 1 | . 1 . . . Communications Jammed . | . . . . . Distress Signals . | . . . . . Times Spotted 38 | . 22 12 . 4 Peak Tracking Total 4 | . 4 3 . 3 Tactical Retreats . | . . . . . Traps | -11 -10 -10 -10 -9 ------- Run | Yrd Mat Min Exi Min Traps Triggered 1 | . 1 . . . Indirectly . | . . . . . Trap Hack Attempts . | . . . . . Triggered . | . . . . . Disarmed . | . . . . . Reprogrammed . | . . . . . Reused . | . . . . . Traps Extracted . | . . . . . Installed . | . . . . . Triggered . | . . . . . Machines | -11 -10 -10 -10 -9 ---------- Run | Yrd Mat Min Exi Min Machines Disabled 1 | . 1 . . . Max in Single Turn 1 | . 1 . . . Machines Repaired . | . . . . . Machines Dismantled . | . . . . . Machines Sabotaged . | . . . . . Overloaded Fab Kills . | . . . . . Hacking | -11 -10 -10 -10 -9 --------- Run | Yrd Mat Min Exi Min Machines Accessed 3 | . 1 . 2 . Terminals 1 | . 1 . . . Fabricators . | . . . . . Repair Stations . | . . . . . Recycling Units . | . . . . . Scanalyzers . | . . . . . Garrison Access . | . . . . . Total Hacks 9 | . 4 . 5 . Successful 7 | . 2 . 5 . Failed 2 | . 2 . . . Catastrophic 1 | . 1 . . . Database Lockouts . | . . . . . Manual 4 | . 3 . 1 . Terminals 4 | . 4 . . . Fabricators . | . . . . . Repair Stations . | . . . . . Recycling Units . | . . . . . Scanalyzers . | . . . . . Garrison Access . | . . . . . Terminal Hacks 6 | . 1 . 5 . Record 4 | . . . 4 . Zone Layout 1 | . 1 . . . Proto ID Catalog 1 | . . . 1 . Fabricator Hacks . | . . . . . Repair Station Hacks . | . . . . . Recycling Unit Hacks . | . . . . . Scanalyzer . | . . . . . Garrison Access Hacks . | . . . . . Unauthorized Hacks 1 | . 1 . . . Terminals 1 | . 1 . . . Operators 1 | . 1 . . . Fabricators . | . . . . . Repair Stations . | . . . . . Recycling Units . | . . . . . Scanalyzers . | . . . . . Garrison Access . | . . . . . Data Cores Recovered 1 | . 1 . . . Used . | . . . . . Hacking Detections 1 | . 1 . . . Full Trace Events . | . . . . . Feedback Events . | . . . . . Feedback Blocked . | . . . . . Robot Schematics Acquired . | . . . . . Robots Built . | . . . . . Authchips . | . . . . . Time . | . . . . . Total Robot Build Rating . | . . . . . Part Schematics Acquired . | . . . . . Parts Built . | . . . . . Authchips . | . . . . . Time . | . . . . . Total Part Build Rating . | . . . . . Parts Repaired . | . . . . . Time . | . . . . . Parts Recycled . | . . . . . Recycled Matter . | . . . . . Retrieved Matter . | . . . . . Retrieved Components . | . . . . . Parts Scanalyzed . | . . . . . Part Schematics Acquired . | . . . . . Parts Damaged . | . . . . . Bothacking | -11 -10 -10 -10 -9 ------------ Run | Yrd Mat Min Exi Min Used RIF Installer . | . . . . . Robots Hacked . | . . . . . Non-combat . | . . . . . Combat . | . . . . . Robot Hacks Applied . | . . . . . Relay Couplers Released . | . . . . . Fabnet Peak Effective % . | . . . . . Robots Rewired . | . . . . . Allies Hacked . | . . . . . Hacks Repelled . | . . . . . Allies | -11 -10 -10 -10 -9 -------- Run | Yrd Mat Min Exi Min Total Allies . | . . . . . Largest Group . | . . . . . Highest-Rated Group . | . . . . . Highest-Rated Ally . | . . . . . Total Orders . | . . . . . Ally Attacks . | . . . . . Total Damage . | . . . . . Kills . | . . . . . Allies Corrupted . | . . . . . Allies Melted . | . . . . . Intel | -11 -10 -10 -10 -9 ------- Run | Yrd Mat Min Exi Min Active Infowar (turns) 1198 | 19 739 440 . . Terrain 1198 | 19 739 440 . . Robot Analysis Total . | . . . . . Derelict Logs Recovered 1 | . . 1 . . Drone Launches . | . . . . . Drone Recoveries . | . . . . . Exploration | -11 -10 -10 -10 -9 ------------- Run | Yrd Mat Min Exi Min Turns Passed 2122 | 172 739 504 410 297 Spaces Moved 959 | 74 386 207 216 76 Core 5 | 5 . . . . Treads 634 | 69 386 179 . . Legs 320 | . . 28 216 76 Wheels . | . . . . . Hover . | . . . . . Flight . | . . . . . Fastest Speed 50 | 50 160 160 190 190 Average Speed 170 | 153 160 169 190 190 Slowest Speed 240 | 160 240 240 190 190 Overloaded Moves . | . . . . . Propulsion Burnouts . | . . . . . Robots Hopped . | . . . . . Potential Cave-ins . | . . . . . Cave-ins Triggered . | . . . . . Exploration Rate (%) 40 | 7 59 44 60 33 Regions Visited 4 Branch Regions 3 Pre-discovered Areas 1 | . . . 1 . Known Exits Taken . | . . . . . Unknown Exits Taken 4 | 1 1 1 1 . Scrap Searched 1 | . . . . 1 Spaces Dug . | . . . . . Terrain Destroyed 31 | . 8 23 . . Melee . | . . . . . Projectile . | . . . . . AOE 31 | . 8 23 . . Terrain Rammed . | . . . . . Walls Destroyed . | . . . . . Machines Disabled . | . . . . . Actions | -11 -10 -10 -10 -9 --------- Run | Yrd Mat Min Exi Min Total 1253 | 101 444 282 216 210 Wait 147 | . 14 14 . 119 Move 955 | 73 385 206 215 76 Hop . | . . . . . Pick Up 19 | 7 5 7 . . Fast Attach 10 | 7 3 . . . Attach 5 | . . 4 1 . Detach . | . . . . . Swap 6 | . 4 2 . . Drop 4 | . 2 2 . . Fire 106 | 14 31 47 . 14 Melee . | . . . . . Ram . | . . . . . Kick 1 | . . . . 1 Crush . | . . . . . Escape Stasis . | . . . . . Rewire . | . . . . . Trap . | . . . . . Miscellaneous . | . . . . . Route ------- -11/Scrapyard -10/Materials (discovered 3 exits: [*Mat x2] / [*Min]) -10/Mines (discovered 2 exits: [*Mat] / *Exi) -10/Exiles -9/Mines History --------- Turn | Location | Event 17 | -11/Scrapyard | Discovered new exit (range 15) 173 | -11/Scrapyard | Entered Materials 314 | -10/Materials | Build established: Mutant 388 | -10/Materials | Discovered new exit (range 4) 520 | -10/Materials | Discovered new exit (range 12) 622 | -10/Materials | Discovered new exit (range 11) 912 | -10/Materials | Entered Mines 1295 | -10/Mines | Discovered new exit (range 14) 1337 | -10/Mines | Core integrity fell below 50% 1387 | -10/Mines | Lost 3 parts (1p1n1u) 1408 | -10/Mines | Deemed a non-threat by the Exiles lab entrance 1408 | -10/Mines | Discovered new exit (range 5) 1416 | -10/Mines | Entered Exiles 1464 | -10/Exiles | Met 8R-AWN 1494 | -10/Exiles | Met EX-HEX 1561 | -10/Exiles | Met EX-BIN 1584 | -10/Exiles | Aligned with FarCom system 1586 | -10/Exiles | Given EX-Vault access code 1631 | -10/Exiles | Opened EX-Vault 1679 | -10/Exiles | Warned to stay clear of 0b10 Research branches 1738 | -10/Exiles | Met EX-DEC 1751 | -10/Exiles | Learned location of Zion (-6) 1802 | -10/Exiles | Discovered new exit (range 14) 1826 | -10/Exiles | Entered Mines 1964 | -9/Mines | Excavation squad dispatched 1964 | -9/Mines | A large section of the Mines collapsed 2114 | -9/Mines | Core integrity fell below 20% 2123 | -9/Mines | Destroyed by G-34 Mercenary with Small Laser Last Messages --------------- 02095_ G-34 Mercenary destroyed. 02095_ Switching to secondary target: G-34 Mercenary. 02096_ T-07 Excavator is excavating. 02103_ Lgt. Assault Rifle destroyed. 02104_ T-07 Excavator is excavating. 02107_ R-06 Scavenger collects Heat Sink. 02108_ T-07 Excavator is excavating. 02109_ Acquired 11 matter. 02111_ R-06 Scavenger collects Sml. Laser. 02113_ T-07 Excavator is excavating. 02114_ R-06 Scavenger collects Aluminum Leg. 02117_ T-07 Excavator is excavating. 02118_ U-05 Engineer lays Concrete. 02118_ G-34 Mercenary destroyed. 02119_ R-06 Scavenger collects Aluminum Leg. 02119_ Aluminum Leg destroyed. 02120_ U-05 Engineer lays Concrete. 02121_ T-07 Excavator is excavating. 02122_ U-05 Engineer lays Concrete. Map ----- +----------------------------------------------------+ | #????????????????????????????????? | | """ """ #????????????????????????????????? | | """ """ #????????????????????????????????? | | """ """ #????????????????????????????????? | | #????????????????????????????????? | | #????????????????????????????????? | | #????????????????????????????????? | | #########????????????????????????????????? | | ###??????????????????????????????????????? | | ####???????????????#???????????????????? | | ##???????????? #???????????????????? | | ##??????????# #???????????????????? | | ##?????????# #???????????????????? | | ##???????## #???????????????????? | | #??????## ##??????????????????? | | ##????## ##?????????????????? | | ###### t #?????????????????? | | ## #?????????????????? | | #?????????????????? | | ## g ##????????????????? | | #### ## ##???????????????? | | #???## ##?# #?????####??????? | | ?????# #### #????## ####???? | | ?????## ## ##??## ##??? | | ??????### g ##### #??? | | ????????## *%r @u # #??? | | ?????????## ### t t # #???? | | ??????????# ###?## # ###???? | | ?????????# ##????## ## ##?????? | | ????????# ##??????##### #??????? | | ???????# #????????### ##??????? | | ??????# ##??????????######???????? | | ??????# ##????????????????????????? | | ??????# ###?????????????????????????? | | ?????# #???????????????????????????? | | ????? ???????????????????????????? | | ?????? ????????????????????????????? | | ???????? ????????????????????????????? | | ?????????????????????????????????????????? | | ?????????????????????????????????????????? | | ?????????????????????????????????????????? | | ?????????????????????????????????????????? | | ?????????????????????????????????????????? | | ?????????????????????????????????????????? | | ?????????????????????????????????????????? | | ?????????????????????????????????????????? | | ?????????????????????????????????????????? | | ?????????????????????????????????????????? | | ?????????????????????????????????????????? | | ?????????????????????????????????????????? | +----------------------------------------------------+ Best States ------------- Heat Dissipation 25 Energy Generation 10 Energy Capacity 250 Matter Stores 300 Matter Capacity 300 Sight Range 16 Terrain Scan Range 16 Terrain Scan Density 10 Evasion (%) 40 Recoil Reduction 2 Item Schematics ----------------- None Robot Schematics ------------------ None Fabricated ------------ Nothing Repaired ---------- Nothing Alien Tech Used ----------------- None Achievements -------------- None Challenges ------------ None Game ------ Seed TrapOpticalMantle Manual? 0 Play Time 00:11:54 Cumulative 26.5 hours Start 2025.08.10 @ 19:45:35 End 2025.08.17 @ 16:48:46 Sessions 3 Manual Loads 0 Difficulty Rogue Special Mode None Game No. 44 Rogue 44 Adventurer 0 Explorer 0 Win Type - Total 0 Types 0/0/0/0/0/0/0/0/0/0 Lore% 31 Gallery% 30 Achievement% 27 Wizard Run 0 Options --------- Layout 1 ASCII 0 Keyboard 0 Movement Numpad Keybinds 0 Fullscreen 1 Font 24/Smallcaps Map View 50x35 Zoom Use 0% Tactical HUD 1 Map Filters NONE Filters NONE Steam 1 RUN: 1bdb8142-d9a7-44a7-b2f1-04835b68a25a